 Dungeon Crawl Stone Soup version 0.30-a0-760-g5a9884bb7c (webtiles) character file.

Game seed: 10650959676506253623

2025471 Twinkles the Gnoll Blade (level 27, 224/224 (226) HPs)
             Began as a Gnoll Warper on Jan 19, 2023.
             Was a High Priest of Okawaru.
             Escaped with the Orb
             ... and 4 runes on Feb 10, 2023!
             The game lasted 10:35:09 (91980 turns).

Twinkles the Gnoll Blade (Gnoll Warper)            Turns: 91980, Time: 10:35:09

HP:   224/224 (226) AC: 52    Str: 30      XL:     27
MP:   43/47         EV: 22    Int: 27 (28) God:    Okawaru [*****.]
Gold: 6415          SH: 34    Dex: 28      Spells: 0/67 levels left

rFire   + + .      SeeInvis +    a - +6 eveningstar "Qacor" {drain, rF+ Int+4 Stlth+}
rCold   + . .      Faith    .    f - +8 tower shield {AC+3}
rNeg    . . .      Spirit   .    z - +15 crystal plate armour "Toisydat" {rC- Will+ Regen+}
rPois   +          Reflect  .    (no helmet)
rElec   .          Harm     .    h - +2 cloak
rCorr   .          Rampage  .    W - +0 pair of gloves of Mutualism {Str+4 Int+5}
Will    +++++                    K - +0 pair of boots of Taazerph {rF+ Str+4}
Stlth   +                        x - amulet "Irghip" {Will+ Regen+ Str+3}
HPRegen 2.17/turn                n - ring "Ruseac" {Drain rPois rC++ Str+4 Dex+6}
MPRegen 0.30/turn                o - ring "Yzofeul" {Will+ Int+5 Slay+4 SInv}

@: finesse-ful, studying 2 skills, lightly drained
A: fangs 1, strong nose, distributed training, agile 1, MP-powered wands
0: Orb of Zot
}: 4/15 runes: decaying, serpentine, slimy, silver
a: Renounce Religion, Heroism, Finesse, Duel


You escaped.
You worshipped Okawaru.
Okawaru was extremely pleased with you.
You visited 11 branches of the dungeon, and saw 55 of its levels.
You visited 1 bazaar.
You also visited: Desolation.

You collected 11450 gold pieces.
You spent 5035 gold pieces at shops.

Inventory:

Hand Weapons
 a - the +6 eveningstar "Qacor" (weapon) {drain, rF+ Int+4 Stlth+}
   (Okawaru gifted it to you on level 3 of the Depths)

   Int:       It affects your intelligence (+4).
   rF:        It protects you from fire.
   Stlth:     It makes you more stealthy.
 b - a +5 heavy hand crossbow
 u - the +8 demon trident "Haelapoh" {pain, rCorr Str-5 Dex+3 Stlth+}
   (Okawaru gifted it to you on level 4 of the Snake Pit)

   Str:       It affects your strength (-5).
   Dex:       It affects your dexterity (+3).
   rCorr:     It protects you from acid and corrosion.
   Stlth:     It makes you more stealthy.
 A - the +6 arbalest "Damnation" {damnation}
   (You found it on level 2 of the Crypt)
Missiles
 m - 16 curare-tipped darts
 w - 10 silver javelins
 S - 2 throwing nets
Armour
 f - a +8 tower shield of protection (worn)
 h - a +2 cloak (worn)
 z - the +15 crystal plate armour "Toisydat" (worn) {rC- Will+ Regen+}
   (Okawaru gifted it to you on level 5 of the Pits of Slime)

   rC:        It makes you vulnerable to cold.
   Regen:     It increases your rate of health regeneration.
   Will:      It increases your willpower.
 K - the +0 pair of boots of Taazerph (worn) {rF+ Str+4}
   (Okawaru gifted it to you on level 3 of the Vaults)

   Str:       It affects your strength (+4).
   rF:        It protects you from fire.
 W - the +0 pair of gloves of Mutualism (worn) {Str+4 Int+5}
   (Okawaru gifted it to you on level 1 of the Snake Pit)

   Str:       It affects your strength (+4).
   Int:       It affects your intelligence (+5).
Jewellery
 c - the ring "Kewoukhe" {rPois rF++ rN+ Will+ Dex-2}
   (You found it in the Desolation of Salt)

   [ring of positive energy]

   Dex:       It affects your dexterity (-2).
   rF:        It greatly protects you from fire.
   rPois:     It protects you from poison.
   rN:        It protects you from negative energy.
   Will:      It increases your willpower.
 e - the ring "Kexycw" {rF+ Str+3}
   (You found it on level 3 of the Crypt)

   [ring of protection from fire]

   Str:       It affects your strength (+3).
   rF:        It protects you from fire.
 n - the ring "Ruseac" (left hand) {Drain rPois rC++ Str+4 Dex+6}
   (You bought it in a shop on level 1 of the Snake Pit)

   [ring of dexterity]

   Str:       It affects your strength (+4).
   Dex:       It affects your dexterity (+6).
   rC:        It greatly protects you from cold.
   rPois:     It protects you from poison.
   Drain:     It drains your maximum health when unequipped.
 o - the ring "Yzofeul" (right hand) {Will+ Int+5 Slay+4 SInv}
   (You took it off an imperial myrmidon in the Desolation of Salt)

   [ring of slaying]

   Int:       It affects your intelligence (+5).
   Slay:      It affects your accuracy & damage with ranged weapons and melee
   (+4).
   SInv:      It lets you see invisible.
   Will:      It increases your willpower.
 q - the ring "Heesoc" {rPois rCorr Int+4}
   (You found it in the Desolation of Salt)

   [ring of poison resistance]

   Int:       It affects your intelligence (+4).
   rPois:     It protects you from poison.
   rCorr:     It protects you from acid and corrosion.
 t - the ring of Yesterday {Wiz Int+2}
   (You acquired it on level 2 of the Depths)

   [ring of wizardry]

   It improves your spell success rate.
   Int:       It affects your intelligence (+2).
 x - the amulet "Irghip" (around neck) {Will+ Regen+ Str+3}
   (You took it off a deep elf master archer on level 3 of the Elven Halls)

   [amulet of regeneration]

   Str:       It affects your strength (+3).
   Regen:     It increases your rate of health regeneration.
   Will:      It increases your willpower.
 P - the ring of Nupn {Fly rF+ Int+3 Dex+2 Slay-3}
   (You took it off a deep elf blademaster on level 3 of the Elven Halls)

   [ring of flight]

   Int:       It affects your intelligence (+3).
   Dex:       It affects your dexterity (+2).
   Slay:      It affects your accuracy & damage with ranged weapons and melee
   (-3).
   rF:        It protects you from fire.
   Fly:       It grants you flight.
 V - the amulet of the Kraken {RegenMP *Corrode rElec Int+8 Dex-3}
   (You took it off a deep elf death mage on level 3 of the Elven Halls)

   [amulet of magic regeneration]

   It increases your rate of magic regeneration.
   Int:       It affects your intelligence (+8).
   Dex:       It affects your dexterity (-3).
   rElec:     It insulates you from electricity.
   *Corrode:  It may corrode you when you take damage.
 X - a ring of protection from fire
 Z - the ring of Meshra {Will+ rCorr}
   (You found it on level 2 of the Crypt)

   [ring of willpower]

   rCorr:     It protects you from acid and corrosion.
   Will:      It increases your willpower.
Wands
 d - a wand of digging (2)
 i - a wand of iceblast (31)
 j - a wand of polymorph (21)
 p - a wand of paralysis (45)
 r - a wand of light (46)
 y - a wand of mindburst (28)
Scrolls
 g - 3 scrolls of enchant armour
 k - 8 scrolls of poison
 D - 5 scrolls of blinking
 E - 9 scrolls of fear
 F - 3 scrolls of fog
 O - 6 scrolls of silence
 Y - 22 scrolls of teleportation
Potions
 B - 9 potions of brilliance
 C - 6 potions of cancellation
 G - a potion of ambrosia
 H - 8 potions of haste
 I - 7 potions of invisibility
 J - 12 potions of curing
 L - 9 potions of flight
 M - 6 potions of might
 N - 2 potions of heal wounds
 Q - 8 potions of magic
 R - 8 potions of resistance
 T - 10 potions of berserk rage
 U - 7 potions of mutation
Miscellaneous
 l - a condenser vane
 s - a tin of tremorstones (2/2)
 v - a lightning rod (4/4)


   Skills:
 + Level 20.7 Fighting
 + Level 20.3 Short Blades
 + Level 24.8 Long Blades
 + Level 20.3 Axes
 + Level 20.7 Maces & Flails
 + Level 20.3 Polearms
 + Level 20.3 Staves
 + Level 20.3 Ranged Weapons
 + Level 20.5 Throwing
 + Level 20.5 Armour
 + Level 20.7 Dodging
 + Level 20.3 Stealth
 + Level 21.8 Shields
 + Level 20.3 Unarmed Combat
 + Level 20.8 Spellcasting
 + Level 17.4 Conjurations
 + Level 17.4 Hexes
 + Level 17.4 Summonings
 + Level 17.4 Necromancy
 + Level 18.1 Translocations
 + Level 17.4 Transmutations
 + Level 17.4 Fire Magic
 + Level 17.4 Ice Magic
 + Level 17.4 Air Magic
 + Level 17.4 Earth Magic
 + Level 17.4 Poison Magic
 + Level 21.9 Invocations
 + Level 20.3 Evocations


You couldn't memorise any spells.
You knew the following spells:

 Your Spells              Type           Power      Damage    Failure   Level
a - Ozocubu's Armour      Ice            89%        N/A       1%          3
b - Blink                 Tloc           100%       N/A       1%          2
c - Borgnjor's Vile Clut  Necr/Erth      44%        N/A       1%          5
d - Dispersal             Tloc           45%        N/A       1%          6
e - Dispel Undead         Necr           89%        3d28      1%          4
f - Freezing Cloud        Conj/Ice/Air   44%        6-21      1%          5
g - Gell's Gravitas       Tloc           90%        N/A       1%          3
h - Silence               Hex/Air        44%        N/A       1%          5
i - Ignite Poison         Fire/Tmut/Pois 89%        N/A       1%          3
j - Passage of Golubria   Tloc           90%        N/A       1%          4
l - Lesser Beckoning      Tloc           100%       N/A       1%          2
m - Mephitic Cloud        Conj/Pois/Air  89%        N/A       1%          3
p - Portal Projectile     Hex/Tloc       100%       N/A       1%          3
r - Irradiate             Conj/Tmut      44%        3d26      1%          5
s - Statue Form           Tmut/Erth      59%        N/A       2%          6
t - Iskenderun's Mystic   Conj/Tloc      90%        2d18      1%          4
v - Poisonous Vapours     Pois/Air       100%       N/A       1%          2
w - Passwall              Tmut/Erth      74%        N/A       1%          2

Your spell library contained the following spells:

 Spells                   Type           Power      Damage    Failure   Level
 Apportation              Tloc           100%       N/A       0%          1
 Foxfire                  Conj/Fire      100%       2x1d9     1%          1
 Freeze                   Ice            100%       1d10      1%          1
 Kiss of Death            Conj/Necr      100%       2d13      1%          1
 Magic Dart               Conj           100%       1d8       1%          1
 Necrotise                Necr           100%       1d9       1%          1
 Sandblast                Erth           100%       2d20      1%          1
 Slow                     Hex            100%       N/A       1%          1
 Sting                    Tmut/Pois      100%       1d8       1%          1
 Cigotuvi's Dreadful Rot  Necr/Pois/Air  100%       N/A       1%          2
 Ensorcelled Hibernation  Hex/Ice        100%       N/A       1%          2
 Momentum Strike          Conj/Tloc      100%       3d10      1%          2
 Searing Ray              Conj           100%       2d8       1%          2
 Static Discharge         Conj/Air       100%       2-7/arc   1%          2
 Sublimation of Blood     Necr           89%        N/A       1%          2
 Wereblood                Tmut           89%        N/A       1%          2
 Confusing Touch          Hex            89%        N/A       1%          3
 Dazzling Flash           Conj/Hex       100%       N/A       1%          3
 Frozen Ramparts          Ice            100%       1d16      1%          3
 Hailstorm                Conj/Ice       89%        3d18      1%          3
 Inner Flame              Hex/Fire       89%        N/A       1%          3
 Kindle Blastsparks       Fire/Tloc/Air  100%       2d18      1%          3
 Spider Form              Tmut/Pois      89%        N/A       1%          3
 Stone Arrow              Conj/Erth      100%       3d13      1%          3
 Swiftness                Air            89%        N/A       1%          3
 Teleport Other           Tloc           90%        N/A       1%          3
 Vampiric Draining        Necr           89%        2d12      1%          3
 Vhi's Electric Charge    Tloc/Air       100%       N/A       1%          3
 Anguish                  Hex/Necr       44%        N/A       1%          4
 Cause Fear               Hex            44%        N/A       1%          4
 Flame Wave               Conj/Fire      89%        2d19      1%          4
 Fulminant Prism          Conj/Hex       44%        3d19      1%          4
 Ice Form                 Ice/Tmut       89%        N/A       1%          4
 Leda's Liquefaction      Hex/Erth       44%        N/A       1%          4
 Manifold Assault         Tloc           90%        N/A       1%          4
 Olgreb's Toxic Radiance  Pois           89%        N/A       1%          4
 Petrify                  Tmut/Erth      89%        N/A       1%          4
 Sticky Flame             Conj/Fire      89%        2d10      1%          4
 Agony                    Necr           89%        N/A       1%          5
 Alistair's Intoxication  Tmut/Pois      59%        N/A       1%          5
 Arcjolt                  Conj/Air       44%        1d54      1%          5
 Blade Hands              Tmut           44%        N/A       1%          5
 Fireball                 Conj/Fire      44%        3d18      1%          5
 Iskenderun's Battlesphe  Conj           89%        2d14      1%          5
 Lee's Rapid Deconstruct  Erth           44%        3d21*     1%          5
 Lightning Bolt           Conj/Air       44%        1d64      1%          5
 Metabolic Englaciation   Hex/Ice        44%        N/A       1%          5
 Yara's Violent Unravell  Hex/Tmut       44%        3d17      1%          5
 Conjure Ball Lightning   Conj/Air       44%        3x3d15    2%          6
 Iron Shot                Conj/Erth      44%        9d9       2%          6
 Starburst                Conj/Fire      44%        6d12      2%          6
 Dragon Form              Tmut           44%        N/A       16%         7
 Orb of Destruction       Conj           44%        9d12      16%         7
 Ozocubu's Refrigeration  Ice            44%        4d17      16%         7
 Storm Form               Tmut/Air       44%        N/A       16%         7
 Disjunction              Tloc           45%        N/A       65%         8
 Borgnjor's Revivificati  Necr           44%        N/A       77%         8
 Discord                  Hex            44%        N/A       77%         8
 Ignition                 Fire           44%        3d13      77%         8
 Maxwell's Capacitive Co  Air            44%        ∞         77%         8
 Necromutation            Tmut/Necr      44%        N/A       77%         8
 Death's Door             Necr           44%        N/A       100%        9
 Summon Small Mammal      Summ           Unusable   N/A       N/A         1
 Summon Guardian Golem    Hex/Summ       Unusable   N/A       N/A         3
 Tukima's Dance           Hex            Unusable   N/A       N/A         3
 Animate Armour           Summ/Erth      Unusable   N/A       N/A         4
 Summon Ice Beast         Ice/Summ       Unusable   N/A       N/A         4
 Summon Lightning Spire   Summ/Air       Unusable   N/A       N/A         4
 Simulacrum               Ice/Necr       Unusable   N/A       N/A         6
 Spellforged Servitor     Conj/Summ      Unusable   N/A       N/A         7
 Summon Hydra             Summ           Unusable   N/A       N/A         7
 Dragon's Call            Summ           Unusable   N/A       N/A         9

Dungeon Overview and Level Annotations

Branches:
Dungeon (15/15)            Temple (0/1) D:7            Lair (5/5) D:9
  Swamp (4/4) Lair:3        Snake (4/4) Lair:2        Slime (5/5) Lair:4
    Orc (2/2) D:9             Elf (3/3) Orc:2        Vaults (5/5) D:14
  Crypt (3/3) Vaults:3       Tomb (0/3) Crypt:3      Depths (4/4) D:15
    Zot (5/5) Depths:4    Desolation (visited)

Altars:
Ashenzari
Cheibriados
Dithmenos
Kikubaaqudgha
Makhleb
Okawaru
Qazlal
Uskayaw
Vehumet
Yredelemnul
Zin
The Shining One
Lugonu

Shops:
D:5 ?   D:6 *   D:11 (   D:12 :   Orc:2 (!=(:   Elf:1 *   Snake:1 =
Snake:2 !:***=   Vaults:1 *   Depths:1 =:=   Depths:4 ?

Portals:
Hell: Depths:1 Depths:2 Depths:3 Depths:4
Abyss: D:7 Depths:3 Depths:4
Pandemonium: Depths:2
Ziggurat: Depths:1
Trove: Depths:3 (give 8 potions of haste)

Annotations:
Swamp:4 Roxanne
Elf:1 6 runed translucent doors
Crypt:3 3 runed translucent doors, Hyrrirob's ghost, veteran GrEE
Depths:2 2 runed translucent doors
Depths:4 2 runed translucent doors, Rudyous's ghost, veteran MiFi


Innate Abilities, Weirdness & Mutations

You have very sharp teeth.
Your uncanny sense of smell can sniff out nearby items.
Your experience applies equally to all skills.
You are agile. (Dex +4, Str/Int -1)
You expend magic power (3 MP) to strengthen your wands.


Message History

The rust devil screeches!
Aiming: Dig
Press: ? - help, Shift-Dir - straight line A rock wall.
This square is covered in magical glow.
The rock shatters into small pieces.
You puncture the rust devil!
You bite the rust devil, but do no damage.
The rust devil is moderately wounded.
You bludgeon the rust devil!! You headbutt the rust devil.
You kill the rust devil!
Okawaru accepts your kill.
There is a staircase leading out of the dungeon here.
Unknown command.
Really quaff the potion of mutation?
You feel extremely strange.
Your system completely accepts the healing effects of potions.
You feel healthier. The horns on your head shrink away.
Unknown command.
Really quaff the potion of mutation?
You feel extremely strange.
You feel clever.
You no longer feel a hidden potential within.
Your fingernails shrink to normal size.
You occasionally lose the ability to read scrolls when taking damage.
Unknown command.
Really quaff the potion of mutation?
You feel extremely strange.
You feel more energetic.
You feel frail.
Your hooves look more like feet.
You feel a hidden malignance growing inside you.
Unknown command.
Really quaff the potion of mutation?
You feel extremely strange.
Your hooves expand and flesh out into feet!
You no longer become unable to read scrolls after taking damage.
You no longer feel a malignance within.
You feel agile.
You feel your magical essence link to the dungeon's wands.
Unknown command.
Unknown command.
You have escaped!

##.####)###.......##....##
#.#....##...#.##..##.....
#.#.####...##..#...######
#.#..##...###..#.#..##
#>#.##...## #....##..##
#...##..## #.##.###..##
######...####.##.####..##
#....#..............
##.@...####.######..
#....#......# ##...
#...####.#..# ##..## #..##
#.##.###..### ##...##
#.#..##..##..
####.#...###..#.#..###.#
#....##...##..#...## #.#
#.##.###...#.##..## #.#
#......##.......### #..


There were no monsters in sight!

Vanquished Creatures
  the Royal Jelly (Slime:5)
  8 orbs of fire
  5 ancient liches
  Mara (Depths:3)
  A juggernaut (Depths:1)
  The ghost of drugrobin the Grand Master, a veteran DgDe (Zot:5)
  5 Killer Klowns (Zot:5)
  3 curse toes
  6 caustic shrikes (Depths:4)
  A profane servitor (Crypt:3)
  13 golden dragons
  Nikola (Elf:2)
  Jory (Depths:4)
  5 bone dragons
  2 doom hounds (Vaults:3)
  An iron giant (Depths:3)
  6 electric golems
  Rupert (Lair:2)
  14 tentacled monstrosities
  2 Tzitzimimeh
  25 Orb Guardians (Zot:5)
  3 titans (Vaults:5)
  22 acid blobs
  4 liches
  2 deep elf blademasters (Elf:3)
  2 deep elf master archers (Elf:3)
  4 quicksilver dragons
  Grunn (Crypt:1)
  6 death cobs
  9 ancient champions
  4 sphinxes
  Kirke (Snake:2)
  2 thorn hunters
  12 storm dragons
  6 tengu reavers
  11 shadow dragons
  23 azure jellies
  5 draconian knights
  A fenstrider witch (shapeshifter) (Vaults:5)
  7 revenants
  12 draconian monks
  8 nagarajas
  2 iron dragons
  A fenstrider witch (Swamp:2)
  14 rockslimes
  10 frost giants
  2 imperial myrmidons (Desolation)
  6 fire giants
  3 deep elf elementalists (Elf:3)
  Aizul (Elf:1)
  4 deep elf sorcerers
  A ghost moth (shapeshifter) (Vaults:5)
  3 ghost moths
  13 vault wardens
  3 curse skulls
  10 draconian shifters
  4 draconian scorchers
  7 ghouls
  28 ironbound preservers
  8 stone giants
  5 draconian stormcallers
  6 orc warlords
  13 quicksilver oozes
  A juggernaut skeleton (Crypt:2)
  4 reapers
  8 draconian annihilators
  4 spriggan defenders
  16 very ugly things
  5 war gargoyles
  4 ironbound thunderhulks
  14 green draconians
  6 vampire knights
  3 eleionomae
  12 black draconians
  6 deep elf demonologists
  A bunyip (Swamp:3)
  A halazid warlock (Desolation)
  18 red draconians
  7 spark wasps
  14 dire elephants
  17 white draconians
  17 yellow draconians
  12 deep elf annihilators
  16 ettins
  13 purple draconians
  8 eidola
  A crystal guardian (Desolation)
  11 fire dragons
  A quicksilver dragon zombie (Crypt:1)
  2 mummy priests (Crypt:3)
  14 jiangshi
  11 deep elf death magi
  2 entropy weavers
  A shambling mangrove (Swamp:4)
  6 servants of whispers (Desolation)
  23 yaktaur captains
  9 ragged hierophants
  13 great orbs of eyes
  3 deep elf high priests
  A hell beast (Zot:1)
  27 hydras
  12 ice dragons
  5 peacekeepers
  7 spriggan air magi
  2 rakshasas
  An ice dragon (shapeshifter) (Depths:2)
  7 ogre magi
  5 ironbound frosthearts
  3 salamander tyrants
  12 anacondas
  31 vault guards
  2 catoblepae
  A fenstrider witch zombie (Crypt:3)
  23 centaur warriors
  2 death knights
  A juggernaut simulacrum (Crypt:2)
  5 alligators
  35 dancing weapons
  4 tengu warriors
  12 two-headed ogres
  26 naga warriors
  6 boulder beetles
  5 deep troll earth magi
  4 deep troll shamans
  6 death yaks (Lair:5)
  13 shock serpents
  12 spriggan berserkers
  A shock serpent (shapeshifter) (Vaults:1)
  2 orc high priests
  17 naga sharpshooters
  6 vampire magi
  A soul eater (Crypt:2)
  Nergalle (Orc:2)
  The ghost of Dittersdorf the Blocker, a novice GrFi of Okawaru (D:7)
  12 hell knights (Depths:2)
  18 deep elf knights
  A shadow wraith (Crypt:2)
  14 salamander mystics
  12 iron trolls
  A quicksilver dragon simulacrum (Crypt:2)
  A bunyip zombie (Crypt:2)
  9 spriggan druids
  14 skeletal warriors
  4 glowing orange brains
  2 goliath frogs (Swamp:3)
  72 deep trolls
  A golden dragon zombie (Depths:2)
  A sea snake (shapeshifter) (Vaults:4)
  13 swamp dragons
  22 ironbound convokers
  9 lindwurms
  5 flayed ghosts
  An orange crystal statue (Zot:5)
  4 wizards
  17 orc knights
  8 naga ritualists
  12 necromancers
  8 phantasmal warriors
  10 deep elf archers
  5 bog bodies
  3 spriggan simulacra (Crypt:2)
  27 deep elf pyromancers
  6 harpies (Vaults:1)
  19 deep elf zephyrmancers
  29 ugly things
  Pikel (D:6)
  33 salamanders
  6 manticores
  15 mana vipers
  5 shining eyes
  5 elephants
  9 orc sorcerers
  A shock serpent zombie (Crypt:1)
  A stone giant skeleton (Depths:2)
  6 cyclopes
  34 moths of wrath
  2 rust devils
  22 vault sentinels
  2 torpor snails (Lair:5)
  2 draconian skeletons
  9 guardian serpents
  A titan simulacrum (Crypt:2)
  42 black mambas
  2 eyes of devastation
  25 naga magi
  Joseph (D:8)
  A smoke demon (Depths:3)
  A gargoyle (D:14)
  A frost giant skeleton (Depths:2)
  An alligator snapping turtle zombie (Crypt:2)
  9 cane toads
  A cane toad (shapeshifter) (Vaults:5)
  A dire elephant skeleton (Crypt:2)
  2 rime drakes
  7 komodo dragons
  A kobold demonologist (D:12)
  3 orange demons (D:15)
  A redback zombie (Crypt:2)
  50 yaktaurs
  2 tormentors (Vaults:3)
  2 anaconda simulacra (Crypt:2)
  A catoblepas skeleton (Crypt:1)
  5 trolls
  23 freezing wraiths
  7 guardian mummies (Crypt:3)
  A yellow draconian skeleton (Crypt:3)
  2 harpy zombies (Crypt:3)
  2 bloated husks (Swamp:1)
  19 hornets
  5 polar bears
  11 blink frogs
  Prince Ribbit (D:6)
  2 iron troll skeletons
  5 tyrant leeches
  2 harpy skeletons (Crypt:2)
  A stone giant simulacrum (Crypt:2)
  A dream sheep (shapeshifter) (Vaults:3)
  53 saltlings
  2 spriggan zombies
  An elf zombie (Vaults:1)
  123 slime creatures
  3 centaur simulacra (Crypt:2)
  4 air elementals
  3 flying skulls (Crypt:1)
  5 shadows
  36 spriggans
  An alligator skeleton (Crypt:3)
  3 vampires
  A spriggan (shapeshifter) (Elf:1)
  7 water elementals
  A dire elephant simulacrum (Crypt:2)
  A basilisk (shapeshifter) (D:10)
  3 hogs (Snake:2)
  A wind drake zombie (Crypt:1)
  3 wyverns
  40 yaks
  9 wraiths
  3 basilisks
  3 golden eyes (Slime:1)
  4 humans (Snake:2)
  5 fire elementals
  A chaos spawn (Zot:1)
  A black mamba skeleton (Crypt:2)
  A redback (Vaults:2)
  A redback (shapeshifter) (Vaults:5)
  An alligator snapping turtle simulacrum (Crypt:2)
  A human simulacrum (Vaults:1)
  14 vampire mosquitoes
  A steam dragon (D:6)
  3 naga zombies
  68 nagas
  19 swamp worms
  15 wargs
  4 harpy simulacra (Crypt:2)
  2 acid dragons
  2 hydra simulacra (Crypt:2)
  12 water moccasins
  A human skeleton (Vaults:1)
  4 floating eyes
  4 ice beasts
  8 swamp drakes (Swamp:4)
  3 black bears (Lair:5)
  A fire dragon simulacrum (Crypt:2)
  26 orc warriors
  2 ettin simulacra (Crypt:2)
  9 ogres
  11 boggarts
  18 wolves
  9 centaurs
  8 kobold brigands
  A gnoll sergeant (D:13)
  9 bullfrogs
  4 necrophages
  A salamander skeleton (Crypt:3)
  6 scorpions
  4 earth elementals (Elf:1)
  3 naga simulacra
  A water moccasin zombie (Crypt:3)
  4 wights (D:10)
  A polar bear zombie (Crypt:3)
  3 killer bees (D:7)
  A raiju skeleton (Crypt:2)
  A howler monkey (D:10)
  2 electric eels (D:15)
  A crimson imp (D:7)
  A bullfrog zombie (Crypt:1)
  A lava snake (Snake:4)
  2 hounds
  3 jellies
  2 gnoll boudas
  14 orc priests
  Crazy Yiuf (D:6)
  A centaur skeleton (Crypt:3)
  5 iguanas
  38 orc wizards
  12 hell rats
  12 mummies (Crypt:3)
  13 gnolls
  6 adders
  2 shadow imps
  2 white imps
  2 ufetubi (D:5)
  A worm (D:3)
  2 dart slugs (D:4)
  74 orcs
  A bat skeleton (Crypt:2)
  8 endoplasms
  8 giant cockroaches
  2 hobgoblins (D:2)
  3 jackals (D:4)
  29 kobolds
  5 quokkas
  7 ball pythons
  3 bats
  3 frilled lizards
  A gnoll skeleton (Crypt:1)
  4 goblins
  A hobgoblin skeleton (Crypt:1)
  5 hobgoblin zombies (D:7)
  A kobold skeleton (Crypt:1)
  3 kobold zombies
  2 orc skeletons (D:7)
  An orc zombie (D:7)
  A rat (D:1)
2639 creatures vanquished.

Vanquished Creatures (others)
  A lich (Vaults:5)
  A draconian annihilator (Zot:2)
  A spriggan defender (Depths:3)
  A deep elf zephyrmancer (Elf:1)
  A guardian serpent (Snake:3)
  2 bloated husks
  2 orcs
  40 fungi
  A lurking horror (D:7)
  48 plants
98 creatures vanquished.

Grand Total: 2737 creatures vanquished

Notes
Turn   | Place    | Note
-------+----------+-------------------------------------------
     0 | D:1      | Twinkles the Gnoll Warper began the quest for the Orb.
     0 | D:1      | Reached XP level 1. HP: 20/20 MP: 6/6
   260 | D:1      | Reached XP level 2. HP: 26/26 MP: 7/7
  1079 | D:2      | Reached skill level 5 in Spellcasting
  1079 | D:2      | Reached XP level 3. HP: 31/31 MP: 7/9
  1278 | D:2      | Identified the +12 whip "Dragonbane" {heavy, rN+}
  1322 | D:2      | Reached skill level 1 in Invocations
  1733 | D:3      | Found a burning altar of Makhleb.
  1755 | D:3      | Reached skill level 1 in Short Blades
  1755 | D:3      | Reached skill level 1 in Long Blades
  1755 | D:3      | Reached skill level 1 in Axes
  1755 | D:3      | Reached skill level 1 in Polearms
  1755 | D:3      | Reached skill level 1 in Staves
  1755 | D:3      | Reached skill level 1 in Ranged Weapons
  1755 | D:3      | Reached skill level 1 in Stealth
  1755 | D:3      | Reached skill level 1 in Shields
  1755 | D:3      | Reached skill level 1 in Unarmed Combat
  1755 | D:3      | Reached skill level 1 in Evocations
  1758 | D:3      | Reached XP level 4. HP: 13/38 MP: 11/11
  1854 | D:3      | Reached skill level 1 in Conjurations
  1854 | D:3      | Reached skill level 1 in Hexes
  1854 | D:3      | Reached skill level 1 in Summonings
  1854 | D:3      | Reached skill level 1 in Necromancy
  1854 | D:3      | Reached skill level 1 in Transmutations
  1854 | D:3      | Reached skill level 1 in Fire Magic
  1854 | D:3      | Reached skill level 1 in Ice Magic
  1854 | D:3      | Reached skill level 1 in Air Magic
  1854 | D:3      | Reached skill level 1 in Earth Magic
  1854 | D:3      | Reached skill level 1 in Poison Magic
  1867 | D:3      | Found a faded altar of an unknown god.
  1878 | D:3      | HP: 11/38 [orc/+0 whip (4)]
  2296 | D:3      | Learned a level 2 spell: Blink
  2345 | D:4      | Reached XP level 5. HP: 42/43 MP: 12/12
  2473 | D:4      | Found an iron altar of Okawaru.
  2493 | D:4      | Became a worshipper of Warmaster Okawaru
  2592 | D:4      | Identified the +1 dagger of Mayhem {drain, rF+ rC+}
  2648 | D:4      | Found Zin's Purification Station.
  2651 | D:4      | Found a glowing silver altar of Zin.
  2733 | D:4      | Reached XP level 6. HP: 50/50 MP: 13/13
  3012 | D:4      | Upgraded the game from 0.30-a0-672-gc3a7216ad8 to
                  | 0.30-a0-691-g754fce4c43
  3013 | D:5      | Entered Level 5 of the Dungeon
  3045 | D:5      | Found Saepe's Magic Scroll Boutique.
  3161 | D:5      | Noticed an ice beast
  3271 | D:5      | Reached skill level 5 in Fighting
  3271 | D:5      | Reached skill level 2 in Long Blades
  3271 | D:5      | Reached skill level 5 in Maces & Flails
  3271 | D:5      | Reached skill level 5 in Dodging
  3522 | D:5      | Killed an ice beast
  3750 | D:5      | Reached * piety under Okawaru
  3934 | D:6      | Reached XP level 7. HP: 55/56 MP: 15/15
  3956 | D:6      | Noticed a steam dragon
  3964 | D:6      | Killed a steam dragon
  4117 | D:6      | Noticed Prince Ribbit
  4145 | D:6      | Killed Prince Ribbit
  4145 | D:6      | Reached ** piety under Okawaru
  4146 | D:6      | Reached skill level 3 in Long Blades
  4146 | D:6      | Reached XP level 8. HP: 55/63 MP: 16/16
  4194 | D:6      | Noticed Pikel
  4215 | D:6      | Killed Pikel
  4330 | D:6      | Found Byodael's Assorted Antiques.
  4365 | D:6      | Bought a metallic sapphire potion for 20 gold pieces
  4365 | D:6      | Bought a fuming purple potion for 20 gold pieces
  4687 | D:6      | Found a runed translucent door.
  4688 | D:6      | Noticed Crazy Yiuf
  4867 | D:7      | Found a one-way gate to the infinite horrors of the Abyss.
  5059 | D:7      | Found a corrupted altar of Lugonu.
  5233 | D:7      | Found a staircase to the Ecumenical Temple.
  5314 | D:7      | Found a glowing golden altar of the Shining One.
  5356 | D:7      | Reached XP level 9. HP: 57/69 MP: 18/18
  5403 | D:7      | Reached skill level 4 in Long Blades
  5613 | D:7      | Reached *** piety under Okawaru
  5639 | D:7      | Reached skill level 5 in Throwing
  5639 | D:7      | Reached skill level 5 in Armour
  5885 | D:7      | Found a broken altar of Ashenzari.
  6156 | D:8      | Noticed Joseph
  6243 | D:8      | Killed Joseph
  6244 | D:8      | Reached skill level 5 in Invocations
  6366 | D:8      | Found a runed translucent gate.
  6366 | D:8      | Found a runed translucent gate.
  6366 | D:8      | Found a runed translucent gate.
  6372 | D:8      | Noticed Dittersdorf's ghost (novice GrFi)
  6771 | D:8      | Noticed a hornet
  6830 | D:8      | Reached **** piety under Okawaru
  6977 | D:8      | Killed a hornet
  7155 | D:9      | Reached skill level 5 in Short Blades
  7155 | D:9      | Reached skill level 5 in Long Blades
  7155 | D:9      | Reached skill level 5 in Axes
  7155 | D:9      | Reached skill level 5 in Polearms
  7155 | D:9      | Reached skill level 5 in Staves
  7155 | D:9      | Reached skill level 5 in Ranged Weapons
  7155 | D:9      | Reached skill level 5 in Stealth
  7155 | D:9      | Reached skill level 5 in Shields
  7155 | D:9      | Reached skill level 5 in Unarmed Combat
  7155 | D:9      | Reached skill level 5 in Evocations
  7155 | D:9      | Reached XP level 10. HP: 56/77 MP: 17/20
  7268 | D:9      | Found a hide-covered altar of Uskayaw.
  7585 | D:9      | Found a staircase to the Lair.
  7693 | D:9      | Found a staircase to the Orcish Mines.
  8324 | D:10     | Entered Level 10 of the Dungeon
  8560 | D:10     | Noticed a two-headed ogre
  8602 | D:10     | Identified the +1 great mace of Caedd {heavy, Stlth+}
  8947 | D:10     | Noticed a cyan ugly thing
  9027 | D:10     | Found a snail-covered altar of Cheibriados.
  9650 | D:11     | Noticed a two-headed ogre
  9650 | D:11     | Noticed a two-headed ogre
 10024 | D:11     | Found Soamow's Weapon Shop.
 10267 | D:11     | Noticed a cyclops
 10272 | D:11     | Killed a cyclops
 10273 | D:11     | Reached skill level 6 in Long Blades
 10273 | D:11     | Reached skill level 5 in Conjurations
 10273 | D:11     | Reached skill level 5 in Hexes
 10273 | D:11     | Reached skill level 5 in Summonings
 10273 | D:11     | Reached skill level 5 in Necromancy
 10273 | D:11     | Reached skill level 5 in Transmutations
 10273 | D:11     | Reached skill level 5 in Fire Magic
 10273 | D:11     | Reached skill level 5 in Ice Magic
 10273 | D:11     | Reached skill level 5 in Air Magic
 10273 | D:11     | Reached skill level 5 in Earth Magic
 10273 | D:11     | Reached skill level 5 in Poison Magic
 10273 | D:11     | Reached XP level 11. HP: 85/85 MP: 22/22
 10292 | D:11     | Reached ***** piety under Okawaru
 10712 | Lair:1   | Entered Level 1 of the Lair of Beasts
 11185 | Lair:1   | Learned a level 2 spell: Poisonous Vapours
 11189 | Lair:1   | Learned a level 3 spell: Ignite Poison
 12064 | Lair:2   | Identified the +1 pair of boots of Dishonour {+Blink rC++
                  | Int+4} (Okawaru gifted it to you on level 2 of the Lair of
                  | Beasts)
 12064 | Lair:2   | Received a gift from Okawaru
 12100 | Lair:2   | Got the Elucidation of Execration and Battling
 12187 | Lair:2   | Identified the +7 sling of Fedifupa {elec, rPois Int+2}
 12315 | Lair:2   | Reached skill level 7 in Long Blades
 12499 | Lair:2   | Reached XP level 12. HP: 70/94 MP: 21/24
 12521 | Lair:2   | HP: 27/94 [constriction (3)]
 12593 | Lair:2   | Found a staircase to the Snake Pit.
 13866 | Lair:3   | Noticed a six-headed hydra
 13866 | Lair:3   | Noticed a six-headed hydra
 13875 | Lair:3   | Killed a six-headed hydra
 13958 | Lair:3   | Killed a six-headed hydra
 14008 | Lair:3   | Found a staircase to the Swamp.
 14189 | Lair:3   | Learned a level 3 spell: Mephitic Cloud
 14193 | Lair:3   | Learned a level 3 spell: Ozocubu's Armour
 14406 | Lair:4   | Noticed a catoblepas
 14414 | Lair:4   | Killed a catoblepas
 14568 | Lair:4   | Identified the +7 hand axe of the Median {antimagic, rC+
                  | Str+9}
 14816 | Lair:4   | You fall into a shaft and drop 1 floor!
 14816 | Lair:5   | Entered Level 5 of the Lair of Beasts
 14855 | Lair:5   | Identified the +2 pair of boots of Eternal Night {Will-
                  | rCorr Int+2 Slay+2} (Okawaru gifted it to you on level 5 of
                  | the Lair of Beasts)
 14855 | Lair:5   | Received a gift from Okawaru
 14860 | Lair:5   | Reached skill level 8 in Long Blades
 15041 | Lair:5   | Reached XP level 13. HP: 101/101 MP: 12/26
 15425 | Lair:4   | Found a staircase to the Slime Pits.
 15941 | Lair:5   | Reached skill level 10 in Spellcasting
 16283 | Lair:5   | Received a gift from Okawaru
 16339 | Lair:5   | Reached ****** piety under Okawaru
 16444 | Lair:5   | Received a gift from Okawaru
 16445 | Lair:5   | Reached skill level 10 in Fighting
 16445 | Lair:5   | Reached skill level 10 in Maces & Flails
 16445 | Lair:5   | Reached skill level 10 in Dodging
 16546 | Lair:5   | Received a gift from Okawaru
 16567 | Lair:5   | Identified the +0 plate armour "Ceunioking" {Drain rElec
                  | rF+ rCorr} (Okawaru gifted it to you on level 5 of the Lair
                  | of Beasts)
 16567 | Lair:5   | Received a gift from Okawaru
 16578 | Lair:5   | Reached skill level 9 in Long Blades
 16686 | Lair:5   | Upgraded the game from 0.30-a0-691-g754fce4c43 to
                  | 0.30-a0-696-g2367cd04db
 16951 | Lair:5   | Paralysed by a hornet for 1 turns
 17256 | Lair:5   | Reached XP level 14. HP: 107/110 MP: 28/28
 17302 | Lair:5   | Reached skill level 10 in Invocations
 17966 | D:5      | Bought a scroll of acquirement for 572 gold pieces
 17973 | D:5      | Bought a scroll of identify for 22 gold pieces
 17973 | D:5      | Bought a scroll of identify for 22 gold pieces
 17979 | D:5      | Bought a scroll of identify for 22 gold pieces
 17994 | D:5      | Bought a scroll of identify for 22 gold pieces
 18953 | D:12     | Found Erchirimi's Book Shoppe.
 19552 | D:13     | Identified the +3 scale mail "Sollarghon" {rElec rF- rN++
                  | rCorr}
 19608 | D:11     | Received a gift from Okawaru
 20262 | D:14     | Received a gift from Okawaru
 20263 | D:14     | Reached skill level 10 in Throwing
 20263 | D:14     | Reached skill level 10 in Armour
 20353 | D:14     | Got the Monograph on Unholy Deeds
 20389 | D:14     | Received a gift from Okawaru
 20572 | D:14     | Identified the +3 short sword of the Fae God {speed, *Noise
                  | rF+++ rCorr Int-3} (Okawaru gifted it to you on level 14 of
                  | the Dungeon)
 20572 | D:14     | Received a gift from Okawaru
 20692 | D:14     | Found a shadowy altar of Dithmenos.
 21053 | D:14     | Learned a level 5 spell: Freezing Cloud
 21056 | D:14     | Learned a level 2 spell: Lesser Beckoning
 21145 | D:14     | Noticed an ironbound preserver
 21650 | D:14     | Found a gate to the Vaults.
 21797 | D:14     | Killed an ironbound preserver
 21798 | D:14     | Reached skill level 10 in Translocations
 21963 | Orc:1    | Entered Level 1 of the Orcish Mines
 22020 | Orc:1    | Noticed an orc warlord
 22105 | D:9      | Killed an orc warlord
 22375 | Orc:1    | Reached skill level 10 in Short Blades
 22375 | Orc:1    | Reached skill level 10 in Long Blades
 22375 | Orc:1    | Reached skill level 10 in Axes
 22375 | Orc:1    | Reached skill level 10 in Polearms
 22375 | Orc:1    | Reached skill level 10 in Staves
 22375 | Orc:1    | Reached skill level 10 in Ranged Weapons
 22375 | Orc:1    | Reached skill level 10 in Stealth
 22375 | Orc:1    | Reached skill level 10 in Shields
 22375 | Orc:1    | Reached skill level 10 in Unarmed Combat
 22375 | Orc:1    | Reached skill level 10 in Evocations
 22579 | Orc:2    | Entered Level 2 of the Orcish Mines
 22580 | Orc:2    | Found a staircase to the Elven Halls.
 22582 | Orc:2    | Paralysed by an orc sorcerer for 3 turns
 22616 | Orc:2    | Found Liacor's Weapon Boutique.
 22619 | Orc:2    | Identified the +4 pair of boots of Napualit {rN+ Dex+2}
                  | (Okawaru gifted it to you on level 2 of the Orcish Mines)
 22619 | Orc:2    | Received a gift from Okawaru
 22946 | Orc:2    | Reached XP level 15. HP: 118/118 MP: 20/30
 24274 | Orc:2    | Found Isorig's Antique Weapon Boutique.
 24448 | Orc:2    | Found Neughet's Book Shop.
 24500 | Orc:2    | Noticed Nergalle
 24504 | Orc:2    | Killed Nergalle
 24581 | Orc:2    | Found an ancient bone altar of Kikubaaqudgha.
 24703 | Orc:2    | Found a radiant altar of Vehumet.
 24765 | Orc:2    | Found Hajoeg's Jewellery Shop.
 24814 | Orc:2    | Found Pooxtyupu's Distillery.
 24999 | Orc:1    | Noticed an orc warlord
 25246 | Orc:2    | Learned a level 4 spell: Iskenderun's Mystic Blast
 25459 | Orc:2    | Killed an orc warlord
 25580 | Orc:2    | Paralysed by an orc sorcerer for 2 turns
 25883 | D:6      | Bought a runed demon blade for 414 gold pieces
 25954 | D:6      | Killed Crazy Yiuf
 26073 | D:7      | Killed Dittersdorf's ghost
 26173 | D:7      | Upgraded the game from 0.30-a0-696-g2367cd04db to
                  | 0.30-a0-702-gdf48620a09
 26278 | Snake:1  | Entered Level 1 of the Snake Pit
 26289 | Snake:1  | Noticed Rupert
 26293 | Snake:1  | Identified the +1 scale mail of Untruth {+Blink rPois}
                  | (Okawaru gifted it to you on level 1 of the Snake Pit)
 26293 | Snake:1  | Received a gift from Okawaru
 26406 | Swamp:1  | Entered Level 1 of the Swamp
 26440 | Swamp:1  | Upgraded the game from 0.30-a0-702-gdf48620a09 to
                  | 0.30-a0-711-gf4ac18a38d
 27639 | Swamp:2  | Noticed a fenstrider witch
 27999 | Swamp:2  | Killed a fenstrider witch
 28000 | Swamp:2  | Reached XP level 16. HP: 72/127 MP: 26/32
 28244 | Swamp:3  | Noticed a thorn hunter
 28255 | Swamp:3  | Killed a thorn hunter
 28256 | Swamp:3  | Reached skill level 11 in Long Blades
 28379 | Swamp:3  | Received a gift from Okawaru
 29111 | Swamp:4  | Entered Level 4 of the Swamp
 29257 | Swamp:3  | HP: 38/127 [poison (poison gas)]
 29262 | Swamp:3  | HP: 22/127 [poison (poison gas)]
 29267 | Swamp:3  | HP: 20/127 [poison (poison gas)]
 29554 | Swamp:3  | Received a gift from Okawaru
 29745 | Swamp:4  | Identified Roxanne's Handbook of Transformation
 29745 | Swamp:4  | Noticed Roxanne
 29775 | Swamp:4  | Noticed a thorn hunter
 29801 | Swamp:4  | Upgraded the game from 0.30-a0-711-gf4ac18a38d to
                  | 0.30-a0-715-gdb4ae3ece1
 29865 | Swamp:4  | HP: 34/127 [poisoned by a swamp dragon (poison gas)]
 29870 | Swamp:4  | HP: 18/127 [poisoned by a swamp dragon (poison gas)]
 29875 | Swamp:4  | HP: 19/127 [poisoned by a swamp dragon (poison gas)]
 29917 | Swamp:4  | Upgraded the game from 0.30-a0-715-gdb4ae3ece1 to
                  | 0.30-a0-718-geaa24f58ff
 29964 | Swamp:4  | HP: 30/127 [poison (poison gas)]
 29967 | Swamp:4  | HP: 10/127 [poison (poison gas)]
 29968 | Swamp:4  | HP: 4/127 [poison (poison gas)]
 30123 | Swamp:4  | Identified the +6 chain mail "Asas" {Str+3 Int+4}
 30159 | Swamp:4  | Killed a thorn hunter
 30517 | Swamp:4  | Upgraded the game from 0.30-a0-718-geaa24f58ff to
                  | 0.30-a0-722-g3e6e8c874d
 30742 | Swamp:4  | Received a gift from Okawaru
 30864 | Swamp:4  | Identified the +11 long sword "Demonbane" {antimagic,
                  | *Noise rF+ rC++ Str+3}
 31118 | Swamp:4  | Acquired 899 gold pieces
 31159 | Swamp:4  | Received a gift from Okawaru
 31210 | Swamp:4  | Got a decaying rune of Zot
 31304 | Swamp:4  | Received a gift from Okawaru
 31460 | Swamp:3  | Learned a level 6 spell: Dispersal
 31622 | Snake:1  | Noticed a nagaraja
 31719 | Lair:2   | Killed Rupert
 31719 | Lair:2   | Received a gift from Okawaru
 31853 | Arena    | Entered the Arena
 31853 | Arena    | HP: 38/129 [anaconda (6)]
 31858 | Arena    | HP: 33/129 [poisoned by a naga mage (bolt of poison)]
 31935 | Lair:2   | HP: 36/129 [poisoned by a nagaraja (splash of poison)]
 31940 | Lair:2   | HP: 30/129 [poisoned by a nagaraja (splash of poison)]
 31945 | Lair:2   | HP: 31/129 [poisoned by a nagaraja (splash of poison)]
 32062 | Lair:2   | Killed a nagaraja
 32063 | Lair:2   | Reached XP level 17. HP: 86/135 MP: 33/33
 32136 | Lair:2   | HP: 36/135 [salamander/+0 glaive (9)]
 32146 | Lair:2   | HP: 36/135 [anaconda (3)]
 32528 | Lair:2   | Reached skill level 10 in Conjurations
 32528 | Lair:2   | Reached skill level 10 in Hexes
 32528 | Lair:2   | Reached skill level 10 in Summonings
 32528 | Lair:2   | Reached skill level 10 in Necromancy
 32528 | Lair:2   | Reached skill level 10 in Transmutations
 32528 | Lair:2   | Reached skill level 10 in Fire Magic
 32528 | Lair:2   | Reached skill level 10 in Ice Magic
 32528 | Lair:2   | Reached skill level 10 in Air Magic
 32528 | Lair:2   | Reached skill level 10 in Earth Magic
 32528 | Lair:2   | Reached skill level 10 in Poison Magic
 33274 | Snake:1  | Found Woseecot's Jewellery Boutique.
 33303 | Snake:1  | Bought the ring "Ruseac" {Drain rPois rC++ Str+4 Dex+6} for
                  | 742 gold pieces
 33466 | Snake:1  | Reached skill level 12 in Long Blades
 33484 | Snake:1  | Identified the +0 pair of gloves of Mutualism {Str+4 Int+5}
                  | (Okawaru gifted it to you on level 1 of the Snake Pit)
 33484 | Snake:1  | Received a gift from Okawaru
 33613 | Snake:1  | Upgraded the game from 0.30-a0-722-g3e6e8c874d to
                  | 0.30-a0-743-gbfdf073431
 33624 | Snake:2  | Found Gocvoneu's Jewellery Emporium.
 33980 | Snake:2  | Found the +8 whip "Snakebite" {venom, curare, rPois}
 34017 | Snake:2  | Found Awkaivop's General Store.
 34018 | Snake:2  | Found Qiac's General Store.
 34018 | Snake:2  | Found Gywisis's Book Shop.
 34026 | Snake:2  | Found Irutiwo's Distillery.
 34072 | Snake:2  | Noticed Kirke
 34078 | Snake:2  | Killed Kirke
 34465 | Snake:2  | Found Kaemi's Assorted Antiques.
 35322 | Snake:3  | Received a gift from Okawaru
 35653 | Snake:3  | Received a gift from Okawaru
 36065 | Snake:3  | Reached XP level 18. HP: 139/143 MP: 32/35
 36159 | Snake:3  | Received a gift from Okawaru
 36160 | Snake:3  | Found the +7 Kryia's mail coat {PotionHeal*2 rC+}
 37180 | Snake:4  | Entered Level 4 of the Snake Pit
 37775 | Snake:4  | Received a gift from Okawaru
 37831 | Snake:4  | Received a gift from Okawaru
 37833 | Snake:4  | Reached skill level 13 in Long Blades
 38616 | Snake:4  | Received a gift from Okawaru
 38719 | Snake:4  | Received a gift from Okawaru
 38999 | Snake:4  | Identified the +8 demon trident "Haelapoh" {pain, rCorr
                  | Str-5 Dex+3 Stlth+} (Okawaru gifted it to you on level 4 of
                  | the Snake Pit)
 38999 | Snake:4  | Received a gift from Okawaru
 39067 | Snake:4  | Reached XP level 19. HP: 151/151 MP: 33/37
 39470 | Snake:4  | Got a serpentine rune of Zot
 39775 | Vaults:1 | Entered Level 1 of the Vaults
 40431 | Vaults:1 | Identified the +12 glaive of Evisceration {venom, Dex+4}
 40586 | Vaults:1 | Found Tewnybio's General Store.
 40771 | Vaults:1 | Identified the +0 scale mail of Atrehaej {Dex+3} (Okawaru
                  | gifted it to you on level 1 of the Vaults)
 40771 | Vaults:1 | Received a gift from Okawaru
 41382 | Vaults:1 | Paralysed by a great orb of eyes for 3 turns
 42472 | Vaults:2 | Received a gift from Okawaru
 42550 | Vaults:2 | Reached skill level 15 in Invocations
 42555 | Vaults:2 | Received a gift from Okawaru
 42556 | Vaults:2 | Reached skill level 14 in Long Blades
 42670 | Vaults:2 | Reached XP level 20. HP: 135/160 MP: 23/38
 42874 | Vaults:2 | Received a gift from Okawaru
 42895 | Vaults:2 | HP: 44/160 [large slime creature (11)]
 43346 | Vaults:2 | Identified the +3 war axe of Resourcefulness {drain, Dex+4}
                  | (Okawaru gifted it to you on level 2 of the Vaults)
 43346 | Vaults:2 | Received a gift from Okawaru
 43660 | Vaults:2 | Reached skill level 15 in Spellcasting
 44273 | Vaults:3 | Reached skill level 15 in Fighting
 44273 | Vaults:3 | Reached skill level 15 in Maces & Flails
 44273 | Vaults:3 | Reached skill level 15 in Dodging
 44275 | Vaults:3 | Identified the +0 pair of boots of Taazerph {rF+ Str+4}
                  | (Okawaru gifted it to you on level 3 of the Vaults)
 44275 | Vaults:3 | Received a gift from Okawaru
 44389 | Vaults:3 | Reached skill level 15 in Long Blades
 44901 | Vaults:3 | Paralysed by a great orb of eyes for 2 turns
 45374 | Vaults:3 | You fall into a shaft and drop 1 floor!
 46119 | Vaults:4 | Reached XP level 21. HP: 168/168 MP: 40/40
 46406 | Vaults:4 | Received a gift from Okawaru
 46483 | Vaults:3 | Reached skill level 15 in Throwing
 46483 | Vaults:3 | Reached skill level 15 in Armour
 46505 | Vaults:3 | Received a gift from Okawaru
 46672 | Vaults:3 | Found a staircase to the Crypt.
 46672 | Vaults:3 | Found a basalt altar of Yredelemnul.
 46673 | Vaults:3 | Found an ancient bone altar of Kikubaaqudgha.
 46708 | Vaults:3 | Learned a level 3 spell: Gell's Gravitas
 47179 | Vaults:3 | Reached skill level 16 in Long Blades
 47353 | Vaults:3 | Identified the +11 arbalest of the Hurling Augurer {flame,
                  | rF+}
 48272 | Vaults:4 | Identified the +1 ring mail of Freezing Intercession
                  | {Regen+ rCorr Str+2 Int+3} (Okawaru gifted it to you on
                  | level 4 of the Vaults)
 48272 | Vaults:4 | Received a gift from Okawaru
 48865 | Vaults:4 | Upgraded the game from 0.30-a0-743-gbfdf073431 to
                  | 0.30-a0-748-ge6a52f7cba
 48952 | Crypt:1  | Entered Level 1 of the Crypt
 48955 | Crypt:1  | Noticed Grunn
 48965 | Vaults:3 | Noticed a bone dragon
 48970 | Vaults:3 | Noticed a bone dragon
 49028 | Vaults:3 | Killed a bone dragon
 49041 | Vaults:3 | Killed a bone dragon
 49042 | Vaults:3 | Reached skill level 15 in Short Blades
 49042 | Vaults:3 | Reached skill level 15 in Axes
 49042 | Vaults:3 | Reached skill level 15 in Polearms
 49042 | Vaults:3 | Reached skill level 15 in Staves
 49042 | Vaults:3 | Reached skill level 15 in Ranged Weapons
 49042 | Vaults:3 | Reached skill level 15 in Stealth
 49042 | Vaults:3 | Reached skill level 15 in Shields
 49042 | Vaults:3 | Reached skill level 15 in Unarmed Combat
 49042 | Vaults:3 | Reached skill level 15 in Evocations
 49716 | Crypt:1  | Killed Grunn
 50238 | Crypt:1  | HP: 49/165 [ancient champion/+0 battleaxe of flaming (1)]
 50240 | Crypt:1  | HP: 14/165 [ancient champion/iron shot (36)]
 50467 | D:15     | Entered Level 15 of the Dungeon
 50778 | D:15     | Identified the +8 chain mail of the Sun {rN+ Regen+}
 50841 | D:15     | Found a staircase to the Depths.
 50961 | D:15     | Reached XP level 22. HP: 177/177 MP: 42/42
 51175 | Depths:1 | Entered Level 1 of the Depths
 51406 | Depths:1 | Received a gift from Okawaru
 51476 | Depths:1 | Found a one-way gateway to a ziggurat.
 51666 | Depths:1 | Noticed a juggernaut
 51703 | Depths:1 | Killed a juggernaut
 52087 | Depths:1 | Found a gateway to Hell.
 52138 | Depths:1 | Reached skill level 17 in Long Blades
 52204 | Depths:1 | Found Puapnewn's Jewellery Boutique.
 52204 | Depths:1 | Found Jorghiv's Book Emporium.
 52205 | Depths:1 | Found Radwips's Jewellery Boutique.
 52219 | Depths:1 | Learned a level 5 spell: Borgnjor's Vile Clutch
 52461 | Depths:2 | Identified the ring "Xoafor" {AC+4 Stlth+}
 53667 | Depths:2 | Received a gift from Okawaru
 53790 | Depths:2 | Received a gift from Okawaru
 53885 | Depths:2 | Found a runed translucent door.
 53885 | Depths:2 | Noticed a dread lich
 53948 | Depths:2 | Learned a level 6 spell: Statue Form
 53991 | Depths:2 | Found a runed translucent door.
 54252 | Depths:2 | Found a glowing golden altar of the Shining One.
 54252 | Depths:2 | Found a one-way gate leading to the halls of Pandemonium.
 54416 | Depths:3 | Reached XP level 23. HP: 185/185 MP: 27/43
 54775 | Depths:3 | Reached skill level 18 in Long Blades
 54866 | Depths:3 | Received a gift from Okawaru
 55032 | Depths:3 | Noticed Mara
 55039 | Depths:3 | Noticed Twinkles's illusion
 55044 | Depths:3 | Killed Mara
 55273 | Depths:3 | Identified the +6 eveningstar "Qacor" {drain, rF+ Int+4
                  | Stlth+} (Okawaru gifted it to you on level 3 of the Depths)
 55273 | Depths:3 | Received a gift from Okawaru
 55597 | Depths:3 | Found a portal to a secret trove of treasure.
 55604 | Depths:3 | Identified the +4 robe of the Vestibule of Hell {rN+ Dex+2}
 55681 | Depths:4 | Entered Level 4 of the Depths
 55681 | Depths:4 | Noticed a caustic shrike
 55681 | Depths:4 | Noticed a caustic shrike
 55682 | Depths:4 | Noticed a caustic shrike
 55724 | Depths:4 | Upgraded the game from 0.30-a0-748-ge6a52f7cba to
                  | 0.30-a0-757-ga6a79fd877
 55750 | Depths:4 | Noticed Jory
 55775 | Depths:4 | Killed Jory
 56006 | Depths:4 | Killed a caustic shrike
 56030 | Depths:4 | Killed a caustic shrike
 56041 | Depths:4 | Killed a caustic shrike
 56335 | Depths:4 | Noticed a caustic shrike
 56335 | Depths:4 | Noticed a caustic shrike
 56348 | Depths:4 | Killed a caustic shrike
 56366 | Depths:4 | Killed a caustic shrike
 56470 | Depths:4 | Noticed a caustic shrike
 56483 | Depths:4 | Killed a caustic shrike
 56531 | Depths:4 | Found a gate to the Realm of Zot.
 56587 | Depths:4 | Received a gift from Okawaru
 56631 | Depths:4 | Found Homnor's Magic Scroll Boutique.
 56989 | Depths:4 | Found a large runed translucent door.
 56991 | Depths:4 | Found a large runed translucent door.
 56995 | Depths:4 | Noticed Rudyous's ghost (veteran MiFi)
 58426 | Orc:2    | Bought a ring of protection from fire for 275 gold pieces
 58681 | Slime:1  | Entered Level 1 of the Pits of Slime
 59289 | Orc:2    | Bought a potion of mutation for 136 gold pieces
 59289 | Orc:2    | Bought a potion of heal wounds for 85 gold pieces
 59289 | Orc:2    | Bought a potion of curing for 51 gold pieces
 59596 | Slime:1  | Identified the +2 pair of gloves of Dukhiplo {rN+} (Okawaru
                  | gifted it to you on level 1 of the Pits of Slime)
 59596 | Slime:1  | Received a gift from Okawaru
 60046 | Crypt:1  | Reached skill level 15 in Translocations
 60555 | Crypt:2  | HP: 67/243 [??? (18)]
 60563 | Crypt:2  | HP: 48/243 [??? (13)]
 60808 | Crypt:2  | Reached XP level 24. HP: 137/193 MP: 36/44
 60945 | Crypt:2  | Reached skill level 19 in Long Blades
 61122 | Crypt:2  | Paralysed by a vampire knight for 5 turns
 61465 | Crypt:2  | Found the +6 arbalest "Damnation" {damnation}
 61971 | Crypt:2  | Found a basalt altar of Yredelemnul.
 62254 | Crypt:2  | Identified the ring of Meshra {Will+ rCorr}
 63103 | Crypt:3  | Entered Level 3 of the Crypt
 64002 | Crypt:3  | Found a runed translucent gate.
 64002 | Crypt:3  | Found a runed translucent gate.
 64002 | Crypt:3  | Found a runed translucent gate.
 64005 | Crypt:3  | Noticed Hyrrirob's ghost (veteran GrEE)
 64162 | Crypt:3  | Received a gift from Okawaru
 64475 | Crypt:3  | Found a basalt altar of Yredelemnul.
 64482 | Crypt:3  | Found an ancient bone altar of Kikubaaqudgha.
 64497 | Crypt:3  | Identified the +7 short sword "Zojuth" {elec, rElec rF+
                  | Will+ Dex+3}
 64520 | Crypt:3  | Identified the ring "Kexycw" {rF+ Str+3}
 64582 | Crypt:3  | Found a staircase to the Tomb.
 64701 | Crypt:3  | Found an iron altar of Okawaru.
 65279 | Slime:1  | Learned a level 3 spell: Portal Projectile
 66780 | Slime:5  | Entered Level 5 of the Pits of Slime
 67010 | Slime:4  | Reached skill level 20 in Long Blades
 67302 | Slime:5  | Identified the +15 crystal plate armour "Toisydat" {rC-
                  | Will+ Regen+} (Okawaru gifted it to you on level 5 of the
                  | Pits of Slime)
 67302 | Slime:5  | Received a gift from Okawaru
 67302 | Slime:5  | Gained mutation: Your magical capacity is low. (-10% MP) [a
                  | shining eye]
 67303 | Slime:5  | Gained mutation: Your body sometimes deteriorates upon
                  | taking damage. [a shining eye]
 67469 | Slime:5  | Reached XP level 25. HP: 191/203 MP: 40/40
 67937 | Slime:5  | Noticed the Royal Jelly
 68081 | Slime:5  | Killed the Royal Jelly
 68195 | Arena    | Entered the Arena
 68623 | Slime:5  | Got a slimy rune of Zot
 68636 | Slime:5  | Identified the +0 robe of the Disturbing Seers {rPois}
 68641 | Slime:5  | Identified the +10 longbow of Sagymaec {drain, rC- Dex+6
                  | Stlth+}
 68657 | Slime:5  | Learned a level 5 spell: Irradiate
 68657 | Slime:5  | Identified the amulet of Exedeas {Faith rN+ rCorr}
 68886 | Slime:5  | Lost mutation: Your magical capacity is low. (-10% MP)
                  | [potion of mutation]
 68886 | Slime:5  | Lost mutation: Your body sometimes deteriorates upon taking
                  | damage. [potion of mutation]
 68886 | Slime:5  | Gained mutation: Your magical capacity is low. (-10% MP)
                  | [potion of mutation]
 68886 | Slime:5  | Gained mutation: You possess an exceptional clarity of
                  | mind. [potion of mutation]
 69354 | Elf:1    | Entered Level 1 of the Elven Halls
 69397 | Elf:1    | Found a crumbling gateway.
 69400 | Elf:1    | Upgraded the game from 0.30-a0-757-ga6a79fd877 to
                  | 0.30-a0-760-g5a9884bb7c
 69413 | Desolati | Entered the Desolation of Salt
 69879 | Desolati | Identified the ring "Kewoukhe" {rPois rF++ rN+ Will+ Dex-2}
 69892 | Desolati | Got the Guidebook on Bolts
 70783 | Desolati | Identified the +5 long sword "Vyelem" {heavy, Fly rC+ rN+}
 70783 | Desolati | Identified the ring "Yzofeul" {Will+ Int+5 Slay+4 SInv}
 70821 | Desolati | Identified the +7 battleaxe "Lahaikam" {elec, rC+ rN++}
 70828 | Desolati | Reached skill level 15 in Conjurations
 70828 | Desolati | Reached skill level 15 in Hexes
 70828 | Desolati | Reached skill level 15 in Summonings
 70828 | Desolati | Reached skill level 15 in Necromancy
 70828 | Desolati | Reached skill level 15 in Transmutations
 70828 | Desolati | Reached skill level 15 in Fire Magic
 70828 | Desolati | Reached skill level 15 in Ice Magic
 70828 | Desolati | Reached skill level 15 in Air Magic
 70828 | Desolati | Reached skill level 15 in Earth Magic
 70828 | Desolati | Reached skill level 15 in Poison Magic
 71336 | Desolati | Identified the +2 morningstar "Fiowner" {flame, Str+5}
 71337 | Desolati | Identified the +3 ring mail of Tenacity {Fly rC- rCorr
                  | Slay+5}
 71410 | Desolati | Identified the ring "Heesoc" {rPois rCorr Int+4}
 71414 | Desolati | Got the Volume of the Lithosphere
 71497 | Elf:1    | Identified the +1 pair of gloves of Midsummer {rElec rF++
                  | Slay+2 SInv}
 71541 | Elf:1    | Received a gift from Okawaru
 71709 | Elf:1    | Got the Precepts of the Switch
 71717 | Elf:1    | Noticed Aizul
 71723 | Elf:1    | Killed Aizul
 71838 | Elf:1    | Found Riteups's General Store.
 72054 | Elf:1    | Paralysed by an air elemental for 1 turns
 72060 | Elf:1    | Received a gift from Okawaru
 72065 | Elf:1    | Paralysed by an air elemental for 1 turns
 72142 | Elf:1    | Found a runed translucent gate.
 72142 | Elf:1    | Found a runed translucent gate.
 72142 | Elf:1    | Found a runed translucent gate.
 72142 | Elf:1    | Found a runed translucent gate.
 72142 | Elf:1    | Found a runed translucent gate.
 72144 | Elf:1    | Found a runed translucent gate.
 72521 | Elf:2    | Noticed Nikola
 72529 | Elf:2    | Killed Nikola
 72641 | Elf:2    | Reached skill level 21 in Long Blades
 72726 | Elf:2    | Found a runed translucent gate.
 72726 | Elf:2    | Found a runed translucent gate.
 72726 | Elf:2    | Found a runed translucent gate.
 72782 | Elf:3    | Entered Level 3 of the Elven Halls
 72863 | Elf:3    | Paralysed by an air elemental for 1 turns
 72871 | Elf:3    | Paralysed by an air elemental for 1 turns
 72877 | Elf:3    | Paralysed by an air elemental for 1 turns
 72970 | Elf:3    | Found a flickering gateway to a bazaar.
 72982 | Bazaar   | Entered a bazaar
 73011 | Bazaar   | Found Illulusk's Antique Armour Shoppe.
 73029 | Bazaar   | Found Qudonoti's Antique Weapon Emporium.
 73057 | Bazaar   | Found Yreweph's Antique Armour Shop.
 73093 | Bazaar   | Found Paor Had's Book Emporium.
 73605 | Elf:2    | Reached XP level 26. HP: 171/213 MP: 35/40
 73606 | Elf:2    | Received a gift from Okawaru
 74705 | Elf:3    | Identified the +2 robe of the Trombone {rC+}
 74705 | Elf:3    | Identified the amulet of the Kraken {RegenMP *Corrode rElec
                  | Int+8 Dex-3}
 74718 | Elf:3    | Identified the ring of Fefitt {EV+5 Int+3}
 74732 | Elf:3    | Received a gift from Okawaru
 74745 | Elf:3    | Identified the amulet "Irghip" {Will+ Regen+ Str+3}
 74876 | Elf:3    | Identified the ring of Nupn {Fly rF+ Int+3 Dex+2 Slay-3}
 75350 | Elf:3    | Got Etamnimi's Directory of Points and Bewitchment
 75442 | Elf:3    | Learned a level 5 spell: Silence
 75743 | Orc:2    | Bought a potion of brilliance for 68 gold pieces
 75743 | Orc:2    | Bought a potion of cancellation for 136 gold pieces
 75743 | Orc:2    | Bought a potion of might for 68 gold pieces
 75991 | Snake:2  | Bought a scroll of blinking for 150 gold pieces
 75991 | Snake:2  | Bought a potion of resistance for 200 gold pieces
 75991 | Snake:2  | Bought a potion of haste for 200 gold pieces
 75994 | Snake:2  | Bought a scroll of fear for 56 gold pieces
 76022 | Snake:2  | Bought a scroll of teleportation for 108 gold pieces
 76022 | Snake:2  | Bought a wand of digging (5) for 756 gold pieces
 76052 | Snake:2  | Bought a potion of might for 56 gold pieces
 76055 | Snake:2  | Bought a potion of berserk rage for 55 gold pieces
 76055 | Snake:2  | Bought a potion of resistance for 110 gold pieces
 76055 | Snake:2  | Bought a potion of berserk rage for 55 gold pieces
 76055 | Snake:2  | Bought a potion of heal wounds for 55 gold pieces
 76055 | Snake:2  | Bought 2 potions of cancellation for 176 gold pieces
 76055 | Snake:2  | Bought a potion of heal wounds for 55 gold pieces
 76273 | D:5      | Bought a scroll of teleportation for 33 gold pieces
 76806 | D:6      | Bought a potion of heal wounds for 115 gold pieces
 76881 | D:4      | Bought 2 potions of curing for 180 gold pieces
 77284 | Crypt:2  | Acquired the ring of Yesterday {Wiz Int+2}
 77615 | Vaults:5 | Entered Level 5 of the Vaults
 77679 | Vaults:4 | Received a gift from Okawaru
 77935 | Vaults:4 | Identified the +1 scale mail of Pikkaila {rElec Dex+4}
                  | (Okawaru gifted it to you on level 4 of the Vaults)
 77935 | Vaults:4 | Received a gift from Okawaru
 78222 | Vaults:5 | Reached skill level 22 in Long Blades
 78353 | Vaults:5 | Noticed an ancient lich
 78369 | Vaults:5 | Killed an ancient lich
 78654 | Vaults:5 | Identified the +7 rapier "Umem" {venom, rC+}
 78655 | Vaults:5 | Reached XP level 27. HP: 221/221 MP: 41/41
 78663 | Vaults:5 | Identified the +7 chain mail "Guniklau" {Harm Fly Int+3}
 78663 | Vaults:5 | Identified the amulet "Qixunke" {Spirit Fragile rN+ Int+3
                  | Stlth+}
 78890 | Vaults:5 | Received a gift from Okawaru
 78936 | Vaults:5 | Identified the +3 chain mail of Qapnemij {rC+ Str-4 Slay+6}
 78988 | Vaults:5 | Found the +4 Cigotuvi's embrace {Corpsefed rMiasma Drain
                  | rN+}
 79066 | Vaults:5 | Got a silver rune of Zot
 79993 | Zot:1    | Entered Level 1 of the Realm of Zot
 80646 | Zot:1    | Learned a level 2 spell: Passwall
 81827 | Zot:2    | Received a gift from Okawaru
 82123 | Zot:1    | Reached skill level 23 in Long Blades
 83034 | Zot:3    | Noticed an orb of fire
 83040 | Zot:2    | Gained mutation: Potions are less effective at restoring
                  | your health. [an orb of fire]
 83050 | Zot:2    | Gained mutation: You occasionally shout uncontrollably at
                  | your foes. [an orb of fire]
 83055 | Zot:2    | Killed an orb of fire
 83084 | Zot:2    | Lost mutation: You occasionally shout uncontrollably at
                  | your foes. [potion of mutation]
 83084 | Zot:2    | Lost mutation: Potions are less effective at restoring your
                  | health. [potion of mutation]
 83084 | Zot:2    | Gained mutation: You have hidden genetic potential. [potion
                  | of mutation]
 83084 | Zot:2    | Gained mutation: You are clumsy. (Dex -2) [potion of
                  | mutation]
 83084 | Zot:2    | Gained mutation: You have a pair of small horns on your
                  | head. [potion of mutation]
 83084 | Zot:2    | Gained mutation: You are robust. (+10% HP) [potion of
                  | mutation]
 83836 | Zot:3    | Identified the +6 spear of Zechuun {freeze, rF- rCorr
                  | Str+7}
 83891 | Zot:3    | Received a gift from Okawaru
 84398 | Zot:4    | Found the +5 robe of Night {Dark Will+ SInv}
 85206 | Zot:4    | Received a gift from Okawaru
 85407 | Zot:4    | Noticed an ancient lich
 85465 | Zot:4    | Killed an ancient lich
 85465 | Zot:4    | Received a gift from Okawaru
 85662 | Zot:4    | Found a stormy altar of Qazlal.
 85680 | Zot:4    | Identified the +8 dagger "Ciexyce" {venom, +Blink Dex+3}
 85683 | Zot:4    | Identified the +3 great sword of the Mushroom {flame, rPois
                  | Int+5}
 87977 | Zot:5    | Entered Level 5 of the Realm of Zot
 88107 | Zot:5    | Found a runed translucent gate.
 88109 | Zot:5    | Found a runed translucent gate.
 88109 | Zot:5    | Found a runed translucent gate.
 88110 | Zot:5    | Noticed drugrobin's ghost (veteran DgDe)
 88220 | Zot:5    | Received a gift from Okawaru
 88284 | Zot:5    | Noticed an orb of fire
 88436 | Zot:5    | Lost mutation: You possess an exceptional clarity of mind.
                  | [an orb of fire]
 88441 | Zot:5    | Killed an orb of fire
 88759 | Zot:5    | Reached skill level 24 in Long Blades
 88767 | Zot:5    | Noticed an ancient lich
 88778 | Zot:5    | Killed an ancient lich
 88778 | Zot:5    | Received a gift from Okawaru
 89040 | Zot:5    | Noticed an orb of fire
 89055 | Zot:5    | Killed an orb of fire
 89140 | Zot:5    | Learned a level 4 spell: Dispel Undead
 89191 | Zot:5    | Killed drugrobin's ghost
 89295 | Zot:5    | Gained mutation: You have sharp fingernails. [hidden
                  | potential]
 89429 | Zot:5    | Noticed an orb of fire
 89433 | Zot:5    | Gained mutation: Your spells are a little easier to cast,
                  | but a little less powerful. [an orb of fire]
 89443 | Zot:5    | Gained mutation: Potions are less effective at restoring
                  | your health. [an orb of fire]
 89446 | Zot:5    | Killed an orb of fire
 89606 | Zot:5    | Received a gift from Okawaru
 89692 | Zot:5    | Noticed an ancient lich
 89736 | Zot:5    | Killed an ancient lich
 89850 | Zot:5    | Learned a level 4 spell: Passage of Golubria
 90038 | Zot:5    | Noticed an orb of fire
 90154 | Zot:5    | Gained mutation: You have large cloven feet. [an orb of
                  | fire]
 90155 | Zot:5    | Gained mutation: Your magical capacity is very low. (-20%
                  | MP) [an orb of fire]
 90156 | Zot:5    | Killed an orb of fire
 90173 | Zot:5    | Lost mutation: You have large cloven feet. [potion of
                  | mutation]
 90173 | Zot:5    | Lost mutation: Your spells are a little easier to cast, but
                  | a little less powerful. [potion of mutation]
 90174 | Zot:5    | Lost mutation: You are clumsy. (Dex -2) [potion of
                  | mutation]
 90174 | Zot:5    | Lost mutation: Your magical capacity is very low. (-20% MP)
                  | [potion of mutation]
 90174 | Zot:5    | Gained mutation: You have large cloven feet. [potion of
                  | mutation]
 90174 | Zot:5    | Gained mutation: Your spells are a little harder to cast,
                  | but a little more powerful. [potion of mutation]
 90174 | Zot:5    | Gained mutation: You have hoof-like feet. [potion of
                  | mutation]
 90245 | Zot:5    | Noticed an orb of fire
 90246 | Zot:5    | Noticed an ancient lich
 90247 | Arena    | Entered the Arena
 90249 | Arena    | Lost mutation: Your spells are a little harder to cast, but
                  | a little more powerful. [an orb of fire]
 90250 | Arena    | Gained mutation: You are dopey. (Int -2) [an orb of fire]
 90255 | Arena    | Killed an orb of fire
 90503 | Zot:5    | Noticed an orb of fire
 90503 | Arena    | Entered the Arena
 90507 | Arena    | Gained mutation: Your body sometimes deteriorates upon
                  | taking damage. [an orb of fire]
 90513 | Arena    | Killed an orb of fire
 90616 | Zot:5    | Received a gift from Okawaru
 90768 | Zot:5    | Noticed an orb of fire
 90776 | Zot:5    | Killed an orb of fire
 90863 | Zot:5    | Killed an ancient lich
 90865 | Zot:5    | Received a gift from Okawaru
 91013 | Zot:5    | Identified the +10 plate armour of the Grue {rC- Regen+
                  | Slay+3} (Okawaru gifted it to you on level 5 of the Realm
                  | of Zot)
 91013 | Zot:5    | Received a gift from Okawaru
 91328 | Zot:5    | Got the Orb of Zot
 91700 | D:9      | Noticed Sych the pandemonium lord
 91975 | D:1      | Lost mutation: Potions are less effective at restoring your
                  | health. [potion of mutation]
 91975 | D:1      | Lost mutation: Your body sometimes deteriorates upon taking
                  | damage. [potion of mutation]
 91975 | D:1      | Lost mutation: You have a pair of small horns on your head.
                  | [potion of mutation]
 91976 | D:1      | Lost mutation: You are dopey. (Int -2) [potion of mutation]
 91976 | D:1      | Lost mutation: You have hidden genetic potential. [potion
                  | of mutation]
 91976 | D:1      | Lost mutation: You have sharp fingernails. [potion of
                  | mutation]
 91976 | D:1      | Gained mutation: You occasionally lose the ability to read
                  | scrolls when taking damage. [potion of mutation]
 91977 | D:1      | Lost mutation: Your magical capacity is low. (-10% MP)
                  | [potion of mutation]
 91977 | D:1      | Lost mutation: You are robust. (+10% HP) [potion of
                  | mutation]
 91977 | D:1      | Lost mutation: You have hoof-like feet. [potion of
                  | mutation]
 91977 | D:1      | Gained mutation: You have hidden genetic defects. [potion
                  | of mutation]
 91978 | D:1      | Lost mutation: You have large cloven feet. [potion of
                  | mutation]
 91978 | D:1      | Lost mutation: You occasionally lose the ability to read
                  | scrolls when taking damage. [potion of mutation]
 91978 | D:1      | Lost mutation: You have hidden genetic defects. [potion of
                  | mutation]
 91978 | D:1      | Gained mutation: You are agile. (Dex +4, Str/Int -1)
                  | [potion of mutation]
 91978 | D:1      | Gained mutation: You expend magic power (3 MP) to
                  | strengthen your wands. [potion of mutation]
 91980 | D:$      | Escaped with the Orb!

Illustrated notes

Levels and vault maps discovered:
D:1:      dpeg_chamrin_arrival_tetris, layout_basic, chequers_garden,
          hangedman_feature_mirror
D:2:      layout_loops_ring
D:3:      layout_rooms, lemuel_doored_altar, nicolae_ecumenical_pavilion
D:4:      layout_basic, zin_purify, mainiacjoe_overflow_boulevard
D:5:      layout_loops_cross, serial_shops, shop
D:6:      layout_cave_pools, serial_shops, nicolae_diamond_shop,
          kennysheep_small_spiral, uniq_prince_ribbit1, uniq_crazy_yiuf_cottage,
          uniq_pikel
D:7:      layout_loops_corners, nicolae_tso_besieged_by_evil,
          mainiacjoe_overflow_six_doors_small, minmay_temple_entry_mini_moons,
          amcnicky_altar_lugonu_corruption
D:8:      layout_rooms, gammafunk_ghost_spectres, uniq_joseph
D:9:      layout_irregular_city, eat_drink_and_be_merry_uskayaw,
          lair_entry_dummy, david_orc_5, serial_rivers,
          chequers_serial_rivers_large_b, chequers_serial_rivers_marsh,
          chequers_serial_rivers_small_3, chequers_serial_rivers_micro_c,
          chequers_serial_rivers_micro_b, chequers_serial_rivers_marsh
D:10:     layout_long_grid, kennysheep_little_box, minmay_bent
D:11:     layout_basic, serial_shops, shop, glass_columns_c
D:12:     layout_basic, serial_shops, nicolae_shop_statue_plus
D:13:     layout_rooms
D:14:     layout_loops_ring, skrybe_vaults_entry_preservation,
          grunt_dithmenos_smoke
D:15:     hangedman_depths_entry_civil_slaughter, layout_basic, serial_glass,
          glass_columns_a, glass_columns_b, glass_columns_a, glass_columns_b,
          glass_columns_c, glass_columns_a, serial_park_tiny_pond,
          einodemon_barbed_minivault
Lair:1:   layout_cave_pods, lemuel_fruit_fields, lemuel_fruit_fields
Lair:2:   layout_loops_ring, minmay_snake_entry_guardpost_medium,
          infiniplex_staircase_pool_2, lemuel_fruit_tree, serial_bayou_shore_a
Lair:3:   layout_long_grid, palyth_hydra_swamp_entry
Lair:4:   layout_regular_city, nicolae_slime_entry_slimehenge
Lair:5:   minmay_lair_end_enchanted_forest, layout_loops_ring
Swamp:1:  layout_basic_swamp, evilmike_swamp_ruin_house_3, swamp_pool1
Swamp:2:  layout_basic_swamp, hangedman_swamp_blocks
Swamp:3:  layout_basic_swamp, nicolae_swamp_triple_paths, swamp_pool1
Swamp:4:  swamp_basic_johnstein, layout_basic_swamp,
          portal_ice_cave_entry_pillars_four, swamp_pool3, uniq_roxanne
Snake:1:  layout_gridlike, serial_shops, nicolae_shop_hallway_plus,
          evilmike_ambush [evilmike_ambush_outer_doors,
          evilmike_ambush_inner_wall_1], uniq_rupert
Snake:2:  layout_gridlike, serial_shops, nicolae_shop_advertising_works
          [nicolae_subvault_shop_adworks], nicolae_stop_n_shop_2,
          grunt_ministairs_15, serial_bayou_shore_b, minmay_shoptagon,
          serial_bayou_shore_b, uniq_kirke
Snake:3:  hangedman_cross_veins, layout_onion_interference, special_room
Snake:4:  minmay_snake_end_coiled, layout_cave_town, nicolae_snake_flat_spine,
          nicolae_snake_salamander_fort
Slime:1:  layout_caves, nicolae_slime_phagocytosis
Slime:2:  layout_caves
Slime:3:  layout_caves
Slime:4:  layout_caves
Slime:5
Orc:1:    layout_caves, mines5_lemuel
Orc:2:    kennysheep_orc_mage_school, layout_caves, serial_shops,
          nicolae_square_shop
Elf:1:    layout_geoelf_octagon, serial_shops, nicolae_diamond_shop,
          portal_desolation_entry_salt, orc_legates, uniq_aizul
Elf:2:    elven_hall_of_blades_hangedman_original [nicolae_blade_bullseye],
          layout_geoelf_grid, uniq_nikola
Elf:3:    elf_hall, layout_geoelf_diagonals, serial_shops, bzr_firewalk,
          small_statue_intersection
Vaults:1: ontoclasm_vaults_twist, grunt_vaults_trifunnel,
          vaults_mumra_minichess_inversion, v_pattern_4,
          hangedman_vaults_variations, dpeg_vaults_monster_row,
          vaults_standard_mumra_x, ontoclasm_vaults_ring_large,
          vaults_room_octagon, st_quartered_hall, v_alt_pattern_1,
          vaults_dpeg_ring, layout_vaults_omnibox, serial_shops,
          nicolae_shop_waterfront
Vaults:2: hangedman_vaults_stagger, nicolae_vaults_little_squares_1,
          vaults_room_ringed_pool, v_misc_22, v_pattern_3, v_misc_5,
          hangedman_vaults_trim, ontoclasm_vaults_gateway,
          nicolae_vaults_little_squares_4, ontoclasm_vaults_shout,
          nicolae_vaults_little_squares_4, nicolae_vaults_specimen_jars,
          v_rooms_4, layout_vaults_ring
Vaults:3: minmay_crypt_entry_necro_gods, vaults_mumra_chevron_long, kb_rosetta,
          v_misc_2, ontoclasm_vaults_decontamination, v_misc_15,
          vaults_mumra_minichess, v_misc_16, v_rooms_3,
          nicolae_vaults_yaktaur_gun_rack, ontoclasm_vaults_ligature,
          vaults_mumra_hex, grunt_vaults_funnel, layout_vaults_big_room
Vaults:4: hangedman_vaults_nails, ontoclasm_vaults_loading_screen,
          vaults_room_corners, hangedman_vaults_corner, vaults_room_door_hall,
          v_misc_13, vaults_room_corners, layout_vaults_quadrants
Vaults:5
Crypt:1:  layout_basic, uniq_grunn
Crypt:2:  layout_chaotic_city, basic_altar, st_stairs_5, st_chilly_death
Crypt:3:  lightli_unholy_cathedral, layout_chaotic_city,
          nicolae_tomb_entry_unfolded_pyramid_orthogonal,
          gammafunk_ghost_fury_of_okawaru
Depths:1: layout_basic, enter_ziggurat_b, pf_hell_entry_tar_spiral,
          nicolae_concentric_dashed_squares_mild, kennysheep_generic_room_16,
          minmay_shop_grove, kennysheep_random_hallway
Depths:2: cheibrodos_witchhunters_guild, layout_gridlike, lemuel_tele_altar,
          pan_entry, hell_entry, small_statue_intersection, onia_ninara_cookie
Depths:3: dreamdust_hydra_shepherd, layout_gridlike,
          kennysheep_decorative_pillar, enter_trove_1, abyss_entry, hell_entry,
          uniq_mara
Depths:4: grunt_x_marks_the_spot, layout_cave_shapes, abyss_entry, hell_entry,
          ebering_ghost_disaster_area, serial_shops, shop, uniq_jory
Zot:1:    layout_gridville
Zot:2:    grunt_twist_and_shout, layout_cathedral_of_symmetry
Zot:3:    layout_gridville
Zot:4:    regret_index_qazlal_generations, layout_onion
Zot:5:    layout_gridlike, gammafunk_ghost_ooze

Skill      XL: |  1  2  3  4  5  6  7  8  9 10 11 12 13 14 15 16 17 18 19 20 21 22 23 24 25 26 27 |
---------------+----------------------------------------------------------------------------------+-----
Spellcasting   | 5 6 7 8 9 10 11 12 13 14 15 16 17 18 19 20 | 20.8
Invocations    | 1 2 3 4 5 6 7 8 9 10 11 12 13 14 15 16 17 18 19 20 21 | 21.9
Short Blades   | 1 2 3 5 6 7 8 9 10 11 12 13 14 15 16 17 18 20 | 20.3
Long Blades    | 1 2 3 5 6 7 8 9 10 11 12 13 14 15 16 17 18 20 21 22 24 | 24.8
Axes           | 1 2 3 5 6 7 8 9 10 11 12 13 14 15 16 17 18 20 | 20.3
Polearms       | 1 2 3 5 6 7 8 9 10 11 12 13 14 15 16 17 18 20 | 20.3
Staves         | 1 2 3 5 6 7 8 9 10 11 12 13 14 15 16 17 18 20 | 20.3
Ranged Weapons | 1 2 3 5 6 7 8 9 10 11 12 13 14 15 16 17 18 20 | 20.3
Stealth        | 1 2 3 5 6 7 8 9 10 11 12 13 14 15 16 17 18 20 | 20.3
Shields        | 1 2 3 5 6 7 8 9 10 11 12 13 14 15 16 17 18 21 | 21.8
Unarmed Combat | 1 2 3 5 6 7 8 9 10 11 12 13 14 15 16 17 18 20 | 20.3
Evocations     | 1 2 3 5 6 7 8 9 10 11 12 13 14 15 16 17 18 20 | 20.3
Conjurations   | 1 2 3 4 5 6 7 8 9 10 11 12 13 14 15 17 | 17.4
Hexes          | 1 2 3 4 5 6 7 8 9 10 11 12 13 14 15 17 | 17.4
Summonings     | 1 2 3 4 5 6 7 8 9 10 11 12 13 14 15 17 | 17.4
Necromancy     | 1 2 3 4 5 6 7 8 9 10 11 12 13 14 15 17 | 17.4
Transmutations | 1 2 3 4 5 6 7 8 9 10 11 12 13 14 15 17 | 17.4
Fire Magic     | 1 2 3 4 5 6 7 8 9 10 11 12 13 14 15 17 | 17.4
Ice Magic      | 1 2 3 4 5 6 7 8 9 10 11 12 13 14 15 17 | 17.4
Air Magic      | 1 2 3 4 5 6 7 8 9 10 11 12 13 14 15 17 | 17.4
Earth Magic    | 1 2 3 4 5 6 7 8 9 10 11 12 13 14 15 17 | 17.4
Poison Magic   | 1 2 3 4 5 6 7 8 9 10 11 12 13 14 15 17 | 17.4
Throwing       | 3 4 5 6 7 8 9 10 11 12 13 14 15 16 17 18 20 | 20.5
Armour         | 3 4 5 6 7 8 9 10 11 12 13 14 15 16 17 18 20 | 20.5
Fighting       | 5 6 7 8 9 10 11 12 13 14 15 16 17 18 19 20 | 20.7
Maces & Flails | 5 6 7 8 9 10 11 12 13 14 15 16 17 18 19 20 | 20.7
Dodging        | 5 6 7 8 9 10 11 12 13 14 15 16 17 18 19 20 | 20.7
Translocations | 6 7 8 9 10 11 12 13 14 15 16 18 | 18.1

Action                     |  1- 3 |  4- 6 |  7- 9 | 10-12 | 13-15 | 16-18 | 19-21 | 22-24 | 25-27 || total
---------------------------+-------+-------+-------+-------+-------+-------+-------+-------+-------++-------
  Melee: Mace              |    62 |       |       |       |       |       |       |       |       ||    62
         Flail             |    23 |       |       |       |       |       |       |       |       ||    23
         Bite              |     4 |    11 |    32 |    63 |    82 |    64 |   150 |   305 |   468 ||  1179
         Whip              |    23 |    93 |   184 |   457 |   590 |   406 |       |       |       ||  1753
         Dagger            |       |       |    71 |     6 |     4 |     1 |       |       |       ||    82
         Demon trident     |       |       |       |       |       |     7 |   805 |   580 |       ||  1392
         Eveningstar       |       |       |       |       |       |       |       |   862 |  2080 ||  2942
         Punch             |       |       |       |       |       |       |       |    28 |    11 ||    39
         Headbutt          |       |       |       |       |       |       |       |       |   258 ||   258
         Kick              |       |       |       |       |       |       |       |       |     2 ||     2
   Fire: Sling             |       |       |       |    58 |   379 |    38 |       |       |       ||   475
         Hand crossbow     |       |       |       |       |       |   588 |   419 |   190 |   621 ||  1818
         Arbalest          |       |       |       |       |       |       |       |   152 |    20 ||   172
  Throw: Dart              |       |       |       |     7 |     1 |       |       |       |       ||     8
         Javelin           |       |       |       |       |       |     4 |       |       |     2 ||     6
   Cast: Blink             |       |       |       |     1 |    12 |     6 |       |    10 |    17 ||    46
         Poisonous Vapours |       |       |       |    48 |   190 |    25 |    17 |     6 |     6 ||   292
         Ignite Poison     |       |       |       |    13 |    88 |    10 |     9 |    12 |     2 ||   134
         Mephitic Cloud    |       |       |       |     3 |    27 |       |     3 |     9 |     1 ||    43
         Ozocubu's Armour  |       |       |       |     1 |     6 |       |       |       |       ||     7
         Freezing Cloud    |       |       |       |       |    19 |   138 |   138 |    76 |    40 ||   411
         Iskenderun's Myst |       |       |       |       |     3 |    24 |       |    15 |     3 ||    45
         Lesser Beckoning  |       |       |       |       |       |    13 |       |     1 |    61 ||    75
         Dispersal         |       |       |       |       |       |     2 |       |       |     1 ||     3
         Gell's Gravitas   |       |       |       |       |       |       |     1 |       |     1 ||     2
         Statue Form       |       |       |       |       |       |       |       |    26 |    23 ||    49
         Borgnjor's Vile C |       |       |       |       |       |       |       |    19 |    43 ||    62
         Portal Projectile |       |       |       |       |       |       |       |     1 |     4 ||     5
         Irradiate         |       |       |       |       |       |       |       |       |    16 ||    16
         Dispel Undead     |       |       |       |       |       |       |       |       |     9 ||     9
         Passwall          |       |       |       |       |       |       |       |       |     5 ||     5
         Passage of Golubr |       |       |       |       |       |       |       |       |     2 ||     2
         Silence           |       |       |       |       |       |       |       |       |     1 ||     1
 Invoke: Heroism           |       |       |     2 |     7 |     5 |     2 |     3 |    11 |    15 ||    45
         Finesse           |       |       |       |       |       |     2 |     3 |    10 |     5 ||    20
         Duel              |       |       |       |       |       |     1 |       |       |     3 ||     4
Ability: Evoke Blink       |       |       |       |       |       |       |     2 |       |       ||     2
  Evoke: Wand              |       |       |     3 |     2 |     2 |       |     2 |       |     5 ||    14
         Tin of tremorston |       |       |       |       |       |     1 |       |       |       ||     1
    Use: Scroll            |       |     4 |     9 |     4 |     9 |     3 |     7 |       |    35 ||    71
         Potion            |       |       |       |     1 |       |     6 |     3 |     1 |    37 ||    48
   Stab: Sleeping          |     1 |     2 |     1 |     4 |     4 |     3 |     2 |     4 |     1 ||    22
         Invisible         |       |       |     1 |       |       |       |       |       |       ||     1
         Petrified         |       |       |       |     2 |       |       |       |       |       ||     2
         Confused          |       |       |       |       |     7 |       |       |     3 |       ||    10
         Paralysed         |       |       |       |       |     1 |       |     7 |       |       ||     8
         Distracted        |       |       |       |       |     1 |       |     1 |       |     1 ||     3
 Armour: Leather armour    |    32 |     4 |       |       |       |       |       |       |       ||    36
         Ring mail         |       |    15 |    43 |    26 |       |       |       |       |       ||    84
         Scale mail        |       |       |       |    55 |   151 |    34 |       |       |       ||   240
         Swamp dragon scal |       |       |       |       |       |    53 |       |       |       ||    53
         Chain mail        |       |       |       |       |       |    93 |   264 |   250 |       ||   607
         Skin              |       |       |       |       |       |       |     8 |   211 |    95 ||   314
         Gold dragon scale |       |       |       |       |       |       |       |   215 |   151 ||   366
         Crystal plate arm |       |       |       |       |       |       |       |       |   846 ||   846
  Dodge: Dodged            |    89 |    57 |   167 |   311 |   444 |   520 |   417 |  1119 |  1243 ||  4367
         Repelled          |       |       |     1 |     1 |     8 |    43 |    14 |    21 |       ||    88
  Block: Buckler           |       |     8 |    63 |   131 |   191 |   282 |   147 |       |       ||   822
         Kite shield       |       |       |       |       |       |       |   442 |  1081 |   535 ||  2058
         Tower shield      |       |       |       |       |       |       |       |       |  2375 ||  2375

Table legend: (Time is in decaauts)
 A = Elapsed time spent in this place.
 B = Non-inter-level travel time spent in this place.
 C = Inter-level travel time spent in this place.
 D = Time resting spent in this place.
 E = Time spent auto-exploring this place.
 F = Levels seen in this place.
 G = Mean time per level.
                   A        B        C        D        E       F      G
               +--------+--------+--------+--------+--------+-----+--------+
         Total |  93640 |  73527 |  20113 |  13375 |  37498 |  61 | 1535.1 |
       Dungeon |  20714 |  14582 |   6132 |   1223 |   9796 |  15 | 1380.9 |
          Lair |  10635 |   7660 |   2975 |   1376 |   4301 |   5 | 2127.0 |
         Swamp |   5677 |   4790 |    887 |    843 |   2768 |   4 | 1419.2 |
     Snake Pit |   8029 |   6842 |   1187 |   1271 |   3657 |   4 | 2007.2 |
    Slime Pits |   3702 |   2695 |   1007 |   1311 |    207 |   5 |  740.4 |
  Orcish Mines |   4186 |   3282 |    904 |    700 |   1674 |   2 | 2093.0 |
   Elven Halls |   4259 |   3636 |    623 |   1134 |   1242 |   3 | 1419.7 |
        Vaults |  11966 |   9754 |   2212 |   1231 |   5512 |   5 | 2393.2 |
         Crypt |   5617 |   4493 |   1124 |    762 |   2075 |   3 | 1872.3 |
        Depths |   6637 |   5686 |    951 |    713 |   3461 |   4 | 1659.2 |
           Zot |   9942 |   7835 |   2107 |   2118 |   2634 |   5 | 1988.4 |
        Bazaar |    135 |    135 |      0 |      0 |    108 |   1 |  135.0 |
    Desolation |   2034 |   2034 |      0 |    672 |     60 |   1 | 2034.0 |
         Arena |    101 |    101 |      0 |     17 |      0 |   4 |   25.2 |
               +--------+--------+--------+--------+--------+-----+--------+

Top non-repeatable levels by time:
   Zot:5: 3370 daAuts
Vaults:3: 3093 daAuts
     D:9: 3058 daAuts
   Orc:2: 2912 daAuts
  Lair:2: 2893 daAuts
 Crypt:2: 2648 daAuts
Vaults:1: 2638 daAuts
  Lair:5: 2568 daAuts
 Snake:4: 2530 daAuts
    D:14: 2418 daAuts
Depths:2: 2389 daAuts
Vaults:2: 2281 daAuts
 Snake:3: 2257 daAuts
Vaults:4: 2127 daAuts
   Zot:2: 2113 daAuts
